 Dungeon Crawl Stone Soup version 0.29.0-15-g675c0067aa (webtiles) character file.

Game seed: 15965038916777563213

18120 qw the Severer (level 12, 0/133 (135) HPs)
             Began as a Minotaur Berserker on Sept 11, 2022.
             Was a Priest of Trog.
             Slain by Snorg (16 damage)
             ... on level 3 of the Lair of Beasts.
             The game lasted 00:03:34 (14069 turns).

qw the Severer (Minotaur Berserker)                Turns: 14069, Time: 00:03:35

HP:   0/133 (135)   AC: 18    Str: 24    XL:     12   Next: 24%
MP:   11/11         EV: 10    Int:  3    God:    Trog [***...]
Gold: 473           SH:  0    Dex: 16    Spells: 11/11 levels left

rFire   . . .      SeeInvis +   a - +1 war axe (elec)
rCold   + . .      Faith    .   (no shield)
rNeg    . . .      Spirit   .   c - +0 plate armour
rPois   .          Reflect  .   (helmet restricted)
rElec   .          Harm     .   s - +0 cloak
rCorr   .          Rampage  .   l - +0 pair of gloves
Will    .....                   (no boots)
Stlth   ..........              (no amulet)
HPRegen 0.32/turn               k - ring of see invisible
MPRegen 0.12/turn               g - ring of protection from cold

@: berserking, slowed, lightly drained
A: horns 2, retaliatory headbutt, agile 1, frail 2
a: Renounce Religion, Berserk, Trog's Hand


You were on level 3 of the Lair of Beasts.
You worshipped Trog.
Trog was most pleased with you.
You visited 2 branches of the dungeon, and saw 12 of its levels.

You collected 570 gold pieces.
You spent 97 gold pieces at shops.


Innate Abilities, Weirdness & Mutations

You have a pair of horns on your head.
You reflexively headbutt those who attack you in melee.
You are agile. (Dex +4, Str/Int -1)
You are very frail. (-20% HP)


   Skills:
 + Level 12.4 Fighting
 - Level 16.0 Axes
 - Level 5.1 Throwing
 - Level 11.0 Armour
 - Level 6.4 Dodging


You had 11 spell levels left.
You didn't know any spells.
Your spell library was empty.

Inventory:

Hand Weapons
 a - a +1 war axe of electrocution (weapon)
 r - a +0 morningstar
Missiles
 f - 5 javelins (quivered)
 p - 13 boomerangs
Armour
 c - a +0 plate armour (worn)
 l - a +0 pair of gloves (worn)
 s - a +0 cloak (worn)
Jewellery
 e - a ring of ice
 g - a ring of protection from cold (right hand)
 k - a ring of see invisible (left hand)
 Y - a ring of willpower
Scrolls
 j - 3 scrolls of teleportation
 m - a scroll of fear {unknown}
 q - a scroll of identify
Potions
 b - 3 potions of heal wounds
 d - a potion of cancellation
 h - 4 potions of curing
 i - a potion of might
 o - a potion of haste

Dungeon Overview and Level Annotations

Branches:
Dungeon (9/15)             Temple (0/1) D:7            Lair (3/5) D:9
  Swamp (0/4) Lair:2        Snake (0/4) Lair:3
    Orc: D:9-12

Altars:
Hepliaklqana
Sif Muna
The Shining One

Shops:
D:5 (

Annotations:
Lair:3 Snorg


Message History

You slash the wraith! x2; You barely miss the wraith.
You slice Josephine!!
You kill Josephine!
Trog accepts your kill.
Trog appreciates your killing of a magic user.
You hit the wraith. You closely miss the wraith. x2
The wraith hits you! The wraith drains your vigour!
You feel as though you will be slow longer.
The wraith hits you. The wraith drains your vigour!
You feel as though you will be slow longer.
Your Armour skill increases to level 11!
You slice the wraith!!
You destroy the wraith!
Trog accepts your kill.
You closely miss the wraith. You hit the wraith.
The wraith hits you but does no damage. The wraith barely misses you.
You furiously retaliate!
You headbutt the wraith. You slash the wraith!
Lightning courses through the wraith!
You destroy the wraith!
Trog accepts your kill.
You slash the wraith! x2; Lightning courses through the wraith!
You slice Snorg!! You slash the wraith!
You destroy the wraith!
Trog accepts your kill.
You slash the wraith! Lightning courses through the wraith! You slash Snorg!
The wraith barely misses you. You furiously retaliate!
You headbutt the wraith!
You feel the power of Trog in you as your rage grows.
You destroy the wraith!
Trog accepts your kill.
Snorg goes berserk!
You barely miss Snorg. You headbutt Snorg!
Snorg is heavily wounded.
Snorg misses you. Snorg claws you but does no damage. x2
You slash Snorg! You headbutt Snorg!
Snorg is heavily wounded.
Snorg closely misses you. x2; Snorg claws you but does no damage.
You slash Snorg!
Snorg is severely wounded.
Snorg bites you!
You die...

....#.#. #.... ... ##.. #.(.. .
#.. .... .... #.. +...# ..... ..#
#...# ..#.. #.### #####...##
#......... #.#.####P.#....T####
##.........
#..............@.#.###P.........
#...............................
#...............................
#...............................
#...............................
##.##P.###................<......
#..##### ##..................##..
#.^.##P####.....#..###.#.....##..
#..##....##....P...##..##.(>.###.


You could see Snorg (berserk).

Vanquished Creatures
  Josephine (Lair:3)
  A hydra (Lair:3)
  Erica (Lair:2)
  2 two-headed ogres (D:9)
  Pikel (D:9)
  2 black mambas
  5 elephants
  5 cane toads
  A rime drake (Lair:1)
  A komodo dragon (Lair:1)
  A tyrant leech (Lair:2)
  9 blink frogs (Lair:2)
  12 yaks
  5 wraiths (Lair:3)
  2 wyverns
  4 steam dragons
  A basilisk (D:9)
  2 acid dragons
  2 water moccasins (Lair:1)
  4 black bears
  2 sky beasts
  2 ice beasts
  2 lemures (D:9)
  3 centaurs (D:9)
  3 phantoms
  9 bullfrogs
  A kobold brigand (D:9)
  6 necrophages
  A gnoll sergeant (D:8)
  4 scorpions
  23 wights
  6 killer bees
  A howler monkey (D:6)
  4 orc priests
  8 jellies
  2 iguanas (D:6)
  5 orc wizards
  3 gnolls (D:8)
  An adder (D:2)
  3 white imps (D:6)
  2 worms
  2 dart slugs
  22 orcs
  4 ball pythons
  5 endoplasms
  2 giant cockroaches (D:2)
  10 goblins
  7 hobgoblins
  3 jackals (D:1)
  11 kobolds
  2 quokkas (D:2)
  4 bats
  8 frilled lizards
  4 rats (D:1)
237 creatures vanquished.

Vanquished Creatures (collateral kills)
  A naga (Lair:3)
1 creature vanquished.

Vanquished Creatures (others)
  2 fungi
  3 plants (Lair:3)
5 creatures vanquished.

Grand Total: 243 creatures vanquished

Notes
Turn   | Place    | Note
-------+----------+-------------------------------------------
     0 | D:1      | qw the Minotaur Berserker began the quest for the Orb.
     0 | D:1      | Reached XP level 1. HP: 19/19 MP: 0/0
     0 | D:1      | 0 ||| qw: Version: 0.1-a-119-g272c26d
     0 | D:1      | 0 ||| qw: Game counter: 10651
     0 | D:1      | 0 ||| qw: Always use a shield: true
     0 | D:1      | 0 ||| qw: Do Orc after D:15 true
     0 | D:1      | 0 ||| qw: Do second Lair branch before Depths: true
     0 | D:1      | 0 ||| qw: Lair rune preference: random
     0 | D:1      | 0 ||| qw: Plans: Normal
     0 | D:1      | 0 ||| PLANNING D:1-11
    23 | D:1      | 23 ||| Stepping ~*~*~tactically~*~*~ (hiding).
    82 | D:1      | Reached skill level 4 in Axes
   152 | D:1      | 152 ||| Stepping ~*~*~tactically~*~*~ (stealth).
   160 | D:1      | Reached XP level 2. HP: 26/26 MP: 1/1
   212 | D:1      | 212 ||| SWAPPING to +0 war axe.
   213 | D:1      | 213 ||| DROPPING +0 hand axe.
   329 | D:1      | 329 ||| Stepping ~*~*~tactically~*~*~ (stealth).
   331 | D:1      | 331 ||| Stepping ~*~*~tactically~*~*~ (stealth).
   334 | D:1      | 334 ||| Stepping ~*~*~tactically~*~*~ (stealth).
   460 | D:1      | You fall into a shaft and drop 1 floor!
   495 | D:2      | 495 ||| Stepping ~*~*~tactically~*~*~ (stealth).
   502 | D:2      | Reached ** piety under Trog
   507 | D:2      | Reached skill level 5 in Axes
   515 | D:2      | Found a shimmering blue altar of Sif Muna.
   608 | D:2      | Reached XP level 3. HP: 24/31 MP: 2/2
   708 | D:2      | Found a faded altar of an unknown god.
   766 | D:2      | 766 ||| INVOKING Berserk.
   982 | D:2      | 982 ||| UPGRADING to +2 ring mail of cold resistance.
   992 | D:2      | 992 ||| DROPPING +0 animal skin.
   993 | D:2      | 993 ||| READING scroll labelled IQIBOA ZIWOXEA.
   994 | D:2      | 994 ||| READING scroll labelled VUOWYMPELU.
   995 | D:2      | 995 ||| READING scroll labelled ZUDINKONGO.
   996 | D:2      | 996 ||| READING scroll labelled PUTOPI NEGID.
   997 | D:2      | 997 ||| READING scroll labelled QUOHAE NE ARUI.
  1003 | D:2      | 1003 ||| DRINKING 2 pink potions.
  1031 | D:2      | 1031 ||| DROPPING potion of lignification.
  1166 | D:1      | Reached XP level 4. HP: 39/39 MP: 3/3
  1220 | D:1      | Reached skill level 6 in Axes
  1866 | D:2      | 1866 ||| READING scroll labelled ODI IQAGUIXU.
  1867 | D:2      | 1867 ||| Stepping randomly (stuck).
  1868 | D:2      | 1868 ||| Stepping ~*~*~tactically~*~*~ (cloud).
  2094 | D:3      | 2094 ||| Stepping ~*~*~tactically~*~*~ (stealth).
  2170 | D:3      | 2170 ||| INVOKING Berserk.
  2456 | D:3      | 2456 ||| UPGRADING to +0 pair of gloves.
  2461 | D:3      | 2461 ||| DROPPING amulet of faith.
  2523 | D:4      | Reached XP level 5. HP: 45/45 MP: 4/4
  2525 | D:4      | Noticed a phantom
  2533 | D:4      | Reached skill level 7 in Axes
  2537 | D:4      | 2537 ||| INVOKING Berserk.
  2541 | D:4      | Killed a phantom
  2654 | D:4      | 2654 ||| FLEEEEING.
  2666 | D:4      | 2666 ||| Stepping ~*~*~tactically~*~*~ (hiding).
  2718 | D:4      | 2718 ||| INVOKING Berserk.
  2721 | D:4      | Reached XP level 6. HP: 52/52 MP: 5/5
  2953 | D:4      | 2953 ||| Stepping ~*~*~tactically~*~*~ (stealth).
  2956 | D:4      | Reached skill level 8 in Axes
  3046 | D:4      | 3046 ||| Stepping ~*~*~tactically~*~*~ (hiding).
  3192 | D:4      | 3192 ||| DROPPING +0 whip.
  3290 | D:4      | 3290 ||| READING scroll labelled JOEXTO PUCI.
  3291 | D:4      | 3291 ||| DRINKING 2 blue potions.
  3292 | D:4      | 3292 ||| DRINKING 2 silvery potions.
  3293 | D:4      | 3293 ||| DRINKING 2 bubbling amethyst potions.
  3294 | D:4      | 3294 ||| DRINKING 2 sedimented sapphire potions.
  3294 | D:4      | Gained mutation: You are frail. (-10% HP) [potion of
                  | mutation]
  3295 | D:4      | 3295 ||| DRINKING potion of mutation.
  3295 | D:4      | Lost mutation: You are frail. (-10% HP) [potion of
                  | mutation]
  3295 | D:4      | Gained mutation: You are frail. (-10% HP) [potion of
                  | mutation]
  3295 | D:4      | Gained mutation: You are very frail. (-20% HP) [potion of
                  | mutation]
  3295 | D:4      | Gained mutation: You are agile. (Dex +4, Str/Int -1)
                  | [potion of mutation]
  3296 | D:4      | 3296 ||| DROPPING potion of brilliance.
  3297 | D:4      | 3297 ||| DROPPING potion of flight.
  3329 | D:5      | Entered Level 5 of the Dungeon
  3336 | D:5      | Found Yxkel's Antique Weapon Shoppe.
  3345 | D:5      | 3345 ||| BUYING runed war axe (97 gold).
  3345 | D:5      | Bought a runed war axe for 97 gold pieces
  3345 | D:5      | 3345 ||| SWAPPING to +1 war axe of electrocution.
  3350 | D:5      | 3350 ||| INVOKING Berserk.
  3364 | D:5      | Reached skill level 9 in Axes
  3464 | D:5      | 3464 ||| DROPPING +0 war axe.
  3569 | D:5      | 3569 ||| INVOKING Berserk.
  3571 | D:5      | Reached XP level 7. HP: 48/48 MP: 6/6
  3908 | D:5      | 3908 ||| INVOKING Berserk.
  4054 | D:5      | 4054 ||| UPGRADING to +0 cloak.
  4059 | D:5      | 4059 ||| UPGRADING to ring of protection from cold.
  4060 | D:5      | 4060 ||| READING scroll labelled VUVIKH WIDIC.
  4161 | D:5      | 4161 ||| READING scroll labelled ADOOBEUTENA.
  4162 | D:5      | 4162 ||| DRINKING 2 fizzy yellow potions.
  4163 | D:5      | 4163 ||| READING 2 scrolls of identify.
  4163 | D:5      | 4163 ||| IDENTIFYING clear potion
  4164 | D:5      | 4164 ||| DROPPING potion of invisibility.
  4188 | D:6      | 4188 ||| INVOKING Berserk.
  4223 | D:6      | Noticed a steam dragon
  4226 | D:6      | 4226 ||| FLEEEEING.
  4227 | D:6      | 4227 ||| STAIRDANCE
  4331 | D:6      | 4331 ||| STAIRDANCE
  4336 | D:5      | Reached skill level 10 in Axes
  4338 | D:6      | 4338 ||| INVOKING Berserk.
  4342 | D:6      | Killed a steam dragon
  4354 | D:6      | 4354 ||| STAIRDANCE
  4510 | D:6      | Reached XP level 8. HP: 50/55 MP: 7/7
  4512 | D:6      | Reached skill level 3 in Dodging
  4556 | D:6      | Reached skill level 6 in Fighting
  4564 | D:6      | 4564 ||| FLEEEEING.
  4565 | D:6      | 4565 ||| FLEEEEING.
  4566 | D:6      | 4566 ||| FLEEEEING.
  4569 | D:6      | 4569 ||| FLEEEEING.
  4570 | D:6      | 4570 ||| FLEEEEING.
  4571 | D:6      | 4571 ||| FLEEEEING.
  4572 | D:6      | 4572 ||| FLEEEEING.
  4573 | D:6      | 4573 ||| FLEEEEING.
  4574 | D:6      | 4574 ||| FLEEEEING.
  4575 | D:6      | 4575 ||| FLEEEEING.
  4576 | D:6      | 4576 ||| FLEEEEING.
  4577 | D:6      | 4577 ||| FLEEEEING.
  4578 | D:6      | 4578 ||| FLEEEEING.
  4579 | D:6      | 4579 ||| FLEEEEING.
  4580 | D:6      | 4580 ||| FLEEEEING.
  4581 | D:6      | 4581 ||| STAIRDANCE
  4633 | D:6      | 4633 ||| INVOKING Berserk.
  4639 | D:6      | 4639 ||| STAIRDANCE
  4757 | D:6      | 4757 ||| Stepping ~*~*~tactically~*~*~ (stealth).
  4770 | D:6      | Reached skill level 11 in Axes
  4827 | D:6      | Reached skill level 3 in Armour
  4902 | D:6      | Reached skill level 12 in Axes
  4917 | D:6      | Found a hazy altar of Hepliaklqana.
  4993 | D:6      | 4993 ||| Stepping ~*~*~tactically~*~*~ (hiding).
  5113 | D:6      | 5113 ||| UPGRADING to +3 chain mail.
  5123 | D:6      | 5123 ||| DROPPING +2 ring mail of cold resistance.
  5124 | D:6      | 5124 ||| READING scroll labelled RACKIT KOONGI.
  5125 | D:6      | 5125 ||| DRINKING 2 glowing silvery potions.
  5126 | D:6      | 5126 ||| READING 3 scrolls of identify.
  5126 | D:6      | 5126 ||| IDENTIFYING white potion
  5127 | D:6      | 5127 ||| READING 2 scrolls of identify.
  5127 | D:6      | 5127 ||| IDENTIFYING amethyst potion
  5128 | D:6      | 5128 ||| DROPPING potion of berserk rage.
  5129 | D:6      | 5129 ||| DROPPING potion of attraction.
  5143 | D:7      | 5143 ||| STAIRDANCE
  5160 | D:7      | 5160 ||| Stepping ~*~*~tactically~*~*~ (hiding).
  5165 | D:7      | 5165 ||| INVOKING Berserk.
  5168 | D:7      | Found a staircase to the Ecumenical Temple.
  5174 | D:7      | Reached *** piety under Trog
  5344 | D:7      | Reached XP level 9. HP: 62/62 MP: 8/8
  5592 | D:7      | 5592 ||| INVOKING Berserk.
  5600 | D:7      | HP: 14/63 [poisoned by a killer bee]
  5882 | D:7      | Found a glowing golden altar of the Shining One.
  6381 | D:7      | 6381 ||| UPGRADING to +0 plate armour.
  6391 | D:7      | 6391 ||| DROPPING +3 chain mail.
  6392 | D:7      | 6392 ||| DROPPING ring of magical power.
  6455 | D:8      | 6455 ||| Stepping ~*~*~tactically~*~*~ (stealth).
  6467 | D:8      | Reached skill level 6 in Armour
  6610 | D:8      | 6610 ||| Stepping ~*~*~tactically~*~*~ (stealth).
  6643 | D:8      | Reached skill level 13 in Axes
  6754 | D:8      | 6754 ||| INVOKING Berserk.
  6812 | D:8      | 6812 ||| FLEEEEING.
  6813 | D:8      | 6813 ||| FLEEEEING.
  6814 | D:8      | 6814 ||| FLEEEEING.
  7335 | D:8      | Reached skill level 3 in Throwing
  7564 | D:8      | 7564 ||| UPGRADING to ring of willpower.
  7565 | D:8      | 7565 ||| READING 2 scrolls of identify.
  7565 | D:8      | 7565 ||| IDENTIFYING viscous black potion
  7566 | D:8      | 7566 ||| DROPPING potion of ambrosia.
  7613 | D:9      | 7613 ||| Stepping ~*~*~tactically~*~*~ (stealth).
  7614 | D:9      | Noticed Pikel
  7618 | D:9      | 7618 ||| Stepping ~*~*~tactically~*~*~ (stealth).
  7619 | D:9      | 7619 ||| Stepping ~*~*~tactically~*~*~ (stealth).
  7620 | D:9      | 7620 ||| INVOKING Berserk.
  7623 | D:9      | Killed Pikel
  7814 | D:9      | 7814 ||| Stepping ~*~*~tactically~*~*~ (hiding).
  7817 | D:9      | 7817 ||| INVOKING Berserk.
  7819 | D:9      | Reached XP level 10. HP: 72/72 MP: 9/9
  8055 | D:9      | Found a flagged portal.
  8090 | D:9      | Noticed a two-headed ogre
  8094 | D:9      | 8094 ||| INVOKING Berserk.
  8097 | D:9      | Killed a two-headed ogre
  8381 | D:9      | Reached skill level 14 in Axes
  8579 | D:9      | 8579 ||| Stepping ~*~*~tactically~*~*~ (hiding).
  8738 | D:9      | Found a staircase to the Lair.
  8738 | D:9      | Noticed an elephant
  8752 | D:9      | 8752 ||| INVOKING Berserk.
  8755 | D:9      | Killed an elephant
  8967 | D:9      | 8967 ||| Stepping ~*~*~tactically~*~*~ (hiding).
  8970 | D:9      | 8970 ||| INVOKING Berserk.
  8972 | D:9      | Reached skill level 15 in Axes
  8976 | D:9      | Reached skill level 9 in Fighting
  9696 | D:9      | Noticed a two-headed ogre
  9697 | D:9      | 9697 ||| INVOKING Berserk.
  9703 | D:9      | Killed a two-headed ogre
  9922 | D:9      | 9922 ||| PLANNING LAIR
  9922 | D:9      | 9922 ||| READING scroll labelled UPRIGOIBBOI.
 10077 | D:9      | 10077 ||| READING 2 scrolls of identify.
 10077 | D:9      | 10077 ||| IDENTIFYING ruby potion
 10078 | D:9      | 10078 ||| DROPPING potion of degeneration.
 10135 | Lair:1   | Entered Level 1 of the Lair of Beasts
 10145 | Lair:1   | 10145 ||| INVOKING Berserk.
 10157 | Lair:1   | Noticed a cane toad
 10162 | Lair:1   | Killed a cane toad
 10433 | Lair:1   | Noticed a black mamba
 10436 | Lair:1   | 10436 ||| INVOKING Berserk.
 10437 | Lair:1   | Killed a black mamba
 10576 | Lair:1   | Noticed a cane toad
 10580 | Lair:1   | 10580 ||| INVOKING Berserk.
 10582 | Lair:1   | Killed a cane toad
 10583 | Lair:1   | Reached XP level 11. HP: 77/77 MP: 10/10
 10682 | Lair:1   | Reached skill level 16 in Axes
 10684 | Lair:1   | 10684 ||| INVOKING Berserk.
 10963 | Lair:1   | 10963 ||| Stepping ~*~*~tactically~*~*~ (stealth).
 10965 | Lair:1   | 10965 ||| INVOKING Berserk.
 10971 | Lair:1   | Reached skill level 9 in Armour
 11604 | Lair:1   | 11604 ||| READING 2 scrolls of identify.
 11604 | Lair:1   | 11604 ||| IDENTIFYING orange potion
 11629 | Lair:2   | Noticed Erica
 11631 | Lair:2   | 11631 ||| INVOKING Berserk.
 11642 | Lair:2   | Killed Erica
 11837 | Lair:2   | 11837 ||| Stepping ~*~*~tactically~*~*~ (stealth).
 11838 | Lair:2   | 11838 ||| Stepping ~*~*~tactically~*~*~ (stealth).
 11839 | Lair:2   | 11839 ||| Stepping ~*~*~tactically~*~*~ (stealth).
 11971 | Lair:2   | 11971 ||| INVOKING Berserk.
 12097 | Lair:2   | 12097 ||| Stepping ~*~*~tactically~*~*~ (stealth).
 12099 | Lair:2   | 12099 ||| INVOKING Berserk.
 12428 | Lair:2   | 12428 ||| INVOKING Berserk.
 12441 | Lair:2   | Reached **** piety under Trog
 12772 | Lair:2   | Found a staircase to the Swamp.
 13020 | Lair:2   | 13020 ||| UPGRADING to ring of see invisible.
 13022 | Lair:2   | 13022 ||| UPGRADING to ring of protection from cold.
 13024 | Lair:2   | 13024 ||| READING 2 scrolls of identify.
 13024 | Lair:2   | 13024 ||| IDENTIFYING smoky inky potion
 13118 | Lair:3   | Reached skill level 12 in Fighting
 13141 | Lair:3   | 13141 ||| Stepping ~*~*~tactically~*~*~ (stealth).
 13274 | Lair:3   | Reached XP level 12. HP: 89/89 MP: 11/11
 13317 | Lair:3   | 13317 ||| Stepping ~*~*~tactically~*~*~ (stealth).
 13460 | Lair:3   | 13460 ||| Stepping ~*~*~tactically~*~*~ (hiding).
 13462 | Lair:3   | 13462 ||| Stepping ~*~*~tactically~*~*~ (hiding).
 13464 | Lair:3   | 13464 ||| Stepping ~*~*~tactically~*~*~ (hiding).
 13466 | Lair:3   | Noticed an eight-headed hydra
 13467 | Lair:3   | 13467 ||| Stepping ~*~*~tactically~*~*~ (stealth).
 13470 | Lair:3   | Found a staircase to the Snake Pit.
 13471 | Lair:3   | 13471 ||| INVOKING Brothers in Arms.
 13472 | Lair:3   | 13472 ||| SWAPPING to +0 morningstar.
 13473 | Lair:3   | 13473 ||| INVOKING Berserk.
 13475 | Lair:3   | HP: 33/133 [constriction (4)]
 13476 | Lair:3   | HP: 14/133 [eight-headed hydra (8)]
 13478 | Lair:3   | Killed an eight-headed hydra
 13479 | Lair:3   | Reached skill level 6 in Dodging
 13482 | Lair:3   | HP: 7/89 [poisoned by a naga (splash of poison)]
 13559 | Lair:3   | 13559 ||| Stepping ~*~*~tactically~*~*~ (stealth).
 13560 | Lair:3   | 13560 ||| SWAPPING to +1 war axe of electrocution.
 13565 | Lair:3   | 13565 ||| Stepping ~*~*~tactically~*~*~ (stealth).
 13566 | Lair:3   | 13566 ||| Stepping ~*~*~tactically~*~*~ (stealth).
 13601 | Lair:3   | 13601 ||| INVOKING Berserk.
 14050 | Lair:3   | Noticed Josephine
 14052 | Lair:3   | Noticed Snorg
 14060 | Lair:3   | 14060 ||| INVOKING Berserk.
 14061 | Lair:3   | HP: 28/118 [wraith[Josephine] (3)]
 14063 | Lair:3   | Killed Josephine
 14069 | Lair:3   | Slain by Snorg

Levels and vault maps discovered:
D:1:      evilmike_arrival_hilbert_curve, layout_rooms
D:2:      layout_basic, hellmonk_ecumenical_altar_arch_garden, basic_altar,
          minmay_lizard_pond
D:3:      layout_rooms
D:4:      layout_layer_cave
D:5:      layout_gridville, serial_shops, shop
D:6:      cheibrodos_helix_gallery, layout_basic, mainiacjoe_overflow_alcove_4
D:7:      layout_cave_pods, mainiacjoe_overflow_tiny_flanked,
          minmay_temple_entry_overgrown
D:8:      layout_basic, serial_curves, eino_curves_04, eino_curves_04
D:9:      layout_layer_cave, david_lair_generic, enter_bailey_5, minivault_21,
          uniq_pikel
Lair:1:   layout_gridlike
Lair:2:   layout_gridlike, minmay_swamp_entry_worms,
          chequers_serial_rivers_micro_d, roderic_carrion_pond,
          serial_bayou_shore_a, uniq_erica
Lair:3:   layout_regular_city, guppyfry_snake_entry_island, minivault_11,
          uniq_josephine, uniq_snorg

Skill      XL: |  1  2  3  4  5  6  7  8  9 10 11 12 |
---------------+-------------------------------------+-----
Axes           | 4 5 6 7 9 10 12 13 15 16 | 16.0
Fighting       | 4 5 6 8 9 12 | 12.4
Throwing       | 2 3 5 |  5.1
Dodging        | 3 5 6 |  6.4
Armour         | 3 7 8 10 11 | 11.0

Action                   |  1- 3 |  4- 6 |  7- 9 | 10-12 || total
-------------------------+-------+-------+-------+-------++-------
Melee: Hand axe          |    10 |       |       |       ||    10
       Headbutt          |     8 |     9 |    19 |    56 ||    92
       War axe           |    49 |    62 |   148 |   238 ||   497
       Punch             |       |       |     2 |     5 ||     7
       Morningstar       |       |       |       |     5 ||     5
Throw: Boomerang         |       |     3 |    50 |       ||    53
       Javelin           |       |       |     8 |    72 ||    80
Invok: Berserk           |     1 |     5 |     9 |    16 ||    31
       Brothers in Arms  |       |       |       |     1 ||     1
  Use: Scroll            |     5 |     2 |     7 |     4 ||    18
       Potion            |     1 |     5 |     2 |       ||     8
 Stab: Distracted        |       |       |       |     1 ||     1
Armor: Animal skin       |    12 |       |       |       ||    12
       Ring mail         |     1 |    13 |    10 |       ||    24
       Chain mail        |       |       |    32 |       ||    32
       Plate armour      |       |       |    29 |   101 ||   130
Dodge: Dodged            |    35 |    16 |    47 |    92 ||   190

Table legend:
 A = Non-vault XP
 B = Vault XP
 C = Vault XP percentage of total XP
 D = Non-vault monster count
 E = Vault monster count
 F = Vault count percentage of total count
                 A         B        C        D         E       F
            +---------+---------+-------+---------+---------+-------
      Total |   20399 |    5488 |  21.2 |     205 |      31 |  13.1
            +---------+---------+-------+---------+---------+-------
        D:1 |      35 |       0 |   0.0 |      21 |       0 |   0.0
        D:2 |      88 |       6 |   6.4 |      19 |       6 |  24.0
        D:3 |      62 |       0 |   0.0 |      10 |       0 |   0.0
        D:4 |     213 |       0 |   0.0 |      12 |       0 |   0.0
        D:5 |     488 |      89 |  15.4 |       5 |       1 |  16.7
        D:6 |    1603 |     103 |   6.0 |      24 |       1 |   4.0
        D:7 |     823 |       0 |   0.0 |      23 |       0 |   0.0
        D:8 |    1258 |       0 |   0.0 |      20 |       0 |   0.0
        D:9 |    3293 |    1665 |  33.6 |      25 |       9 |  26.5
     Lair:1 |    4201 |       0 |   0.0 |      17 |       0 |   0.0
     Lair:2 |    4416 |    1519 |  25.6 |      19 |       7 |  26.9
     Lair:3 |    3919 |    2106 |  35.0 |      10 |       7 |  41.2
            +---------+---------+-------+---------+---------+-------
